 Dungeon Crawl Stone Soup version 0.30.0-15-g856e2d3f33 (webtiles) character file.

Game seed: 15924911221459232983

25 NateTC the Trooper (level 3, -2/34 HPs)
             Began as a Naga Fighter on May 19, 2023.
             Was a Follower of Trog.
             Slain by a worm (8 damage)
             ... on level 2 of the Dungeon.
             The game lasted 00:01:04 (761 turns).

NateTC the Trooper (Naga Fighter)                    Turns: 761, Time: 00:01:05

Health: -2/34      AC:  5    Str: 20    XL:     3   Next: 4%
Magic:  3/3        EV:  7    Int:  8    God:    Trog [*.....]
Gold:   41         SH:  5    Dex: 10    Spells: 2/2 levels left

rFire   . . .        a - +1 trident
rCold   . . .        c - +1 buckler
rNeg    . . .        b - +1 scale mail
rPois   +            (no helmet)
rElec   .            (no cloak)
rCorr   .            (no gloves)
SInv    +            (no barding)
Will    .....        (no amulet) Stlth
                     (no ring)
HPRegen 0.25/turn    (no ring)
MPRegen 0.08/turn

%: no passive effects
@: very slow
A: AC +1, large, see invisible, deformed body, poison resistance, slowness 2,
spit poison 1, naga tail 1
a: Spit Poison, Renounce Religion, Berserk


You were on level 2 of the Dungeon.
You worshipped Trog.
Trog was aware of your devotion.
You visited 1 branch of the dungeon, and saw 2 of its levels.

You collected 41 gold pieces.

Inventory:

Hand Weapons
 a - a +1 trident (weapon)
Armour
 b - a +1 scale mail (worn)
 c - a +1 buckler (worn)
Scrolls
 j - a scroll of identify
Potions
 d - a potion of might
 k - a potion of mutation


   Skills:
 + Level 3.3 Fighting
 * Level 2.7 Polearms
 - Level 2.5 Armour
 - Level 2.8 Shields


You had 2 spell levels left.
You didn't know any spells.
Your spell library was empty.

Dungeon Overview and Level Annotations

Branches:
Dungeon (2/15) Zot: 10975

Altars:
Trog


Innate Abilities, Weirdness & Mutations

Your serpentine skin is tough. (AC +1)
You have supernaturally acute eyesight. (SInv)
Armour fits poorly on your strangely shaped body.
Your system is resistant to poisons. (rPois)
You cover ground very slowly.
You can spit poison.
You have a snake-like lower body.


Message History

A hobgoblin comes into view.
The quokka bites you.
You miss the quokka.
The quokka is moderately wounded.
The hobgoblin shouts!
You hear a shout!
The hobgoblin throws a stone.
The stone hits you.
The quokka bites you but does no damage.
The worm bites you.
The hobgoblin throws a stone.
The stone hits you but does no damage.
You hit the quokka.
You kill the quokka!
Trog accepts your kill.
The hobgoblin throws a stone.
The stone hits you. The worm bites you!
You are too injured to fight recklessly!
You are too injured to fight recklessly!
You are too injured to fight recklessly!
You are too injured to fight recklessly!
You are too injured to fight recklessly!
You are too injured to fight recklessly!
You are too injured to fight recklessly!
You are too injured to fight recklessly!
You are too injured to fight recklessly!
You are too injured to fight recklessly!
You are too injured to fight recklessly!
You are too injured to fight recklessly!
There are monsters nearby!
You are too injured to fight recklessly!
There are monsters nearby!
You are too injured to fight recklessly!
You hit the worm but do no damage. The worm barely misses you.
You hit the worm.
The worm is moderately wounded.
You hit the worm.
The worm is heavily wounded.
The hobgoblin throws a stone.
The stone hits you. The worm bites you.
* * * LOW HITPOINT WARNING * * *
You barely miss the worm.
The worm is heavily wounded.
The worm bites you!
You die...

.. ###. ###...
##.....############
?......#.......>..#
#.....#.########.#
#...#.# #.# #w@.#
#.## #.(.....# #..#
###...### ##.# ###.
#.#
.g###########.#####
........<...........
....###########.#####
...#. #.# #.#


You could see a worm and a hobgoblin.

Vanquished Creatures
  A bat (D:1)
  2 endoplasms (D:1)
  A giant cockroach (D:1)
  A goblin (D:1)
  3 hobgoblins (D:1)
  5 jackals (D:1)
  A kobold (D:1)
  A quokka (D:2)
  A ball python (D:1)
  3 frilled lizards (D:1)
  2 rats (D:1)
21 creatures vanquished.

Notes
Turn   | Place    | Note
-------+----------+-------------------------------------------
     0 | D:1      | NateTC the Naga Fighter began the quest for the Orb.
     0 | D:1      | Reached XP level 1. HP: 21/21 MP: 1/1
    44 | D:1      | Reached XP level 2. HP: 15/28 MP: 2/2
   131 | D:1      | Found a faded altar of an unknown god.
   142 | D:1      | Prayed at the altar of an unknown god.
   142 | D:1      | Became a worshipper of Trog the Wrathful
   142 | D:1      | Reached * piety under Trog
   439 | D:1      | Reached XP level 3. HP: 34/34 MP: 3/3
   761 | D:2      | Slain by a worm

Illustrated notes

Levels and vault maps discovered:
D:1:      eino_arrival_water_star, layout_loops_cross,
          chequers_ecumenical_altar_simple_redux
D:2:      layout_loops_ring, minmay_unequal

Action                     || total
---------------------------++-------
  Melee: Trident           ||    66
    Use: Scroll            ||     7
 Armour: Scale mail        ||    12
  Dodge: Dodged            ||    19
  Block: Buckler           ||    11
